 Dungeon Crawl Stone Soup version 0.28.0-47-ge53b351184 (webtiles) character file.

Game seed: 4870483983135177588

785 croobank the Firebug (level 7, -4/51 HPs)
             Began as a Gnoll Fire Elementalist on Apr 26, 2022.
             Was a Priest of Qazlal.
             Slain by Pikel
             ... wielding a +0 whip of electrocution
              (10 damage)
             ... on level 5 of the Dungeon.
             The game lasted 00:17:00 (5286 turns).

croobank the Firebug (Gnoll Fire Elementalist)      Turns: 5286, Time: 00:17:01

Health: -4/51      AC:  4    Str:  7    XL:     7   Next: 86%
Magic:  7/15       EV: 17    Int: 17    God:    Qazlal [***...]
Gold:   162        SH:  4    Dex: 12    Spells: 10/17 levels left

rFire   . . .      SeeInvis .   a - +0 falchion
rCold   . . .      Faith    .   (no shield)
rNeg    . . .      Spirit   .   h - +0 robe
rPois   .          Reflect  .   y - +0 helmet
rElec   .          Harm     .   j - +0 cloak
rCorr   .          Rampage  .   (no gloves)
Will    .....                   (no boots)
Stlth   ++........              (no amulet)
HPRegen 0.17/turn               p - +4 ring of evasion
MPRegen 0.14/turn               q - +4 ring of slaying

@: no status effects
A: fangs 1, strong nose, distributed training
a: Renounce Religion, Upheaval, Elemental Force


You were on level 5 of the Dungeon.
You worshipped Qazlal.
Qazlal was most pleased with you.
You visited 1 branch of the dungeon, and saw 6 of its levels.

You collected 162 gold pieces.

Inventory:

Hand Weapons
 a - a +0 falchion (weapon)
 b - a +0 hunting sling
 n - a +0 dagger of draining
 s - a +0 quarterstaff
 t - a +0 war axe
 x - a +1 vorpal trident
Missiles
 c - 130 stones
 f - 11 poisoned darts
 l - 43 arrows
 u - 3 silver boomerangs
 v - 79 bolts
 D - 28 sling bullets
Armour
 d - a +0 ring mail
 h - a +0 robe (worn)
 j - a +0 cloak (worn)
 y - a +0 helmet (worn)
Jewellery
 g - a ring of fire
 p - a +4 ring of evasion (left hand)
 q - a +4 ring of slaying (right hand)
 E - a ring of fire
 G - an amulet of regeneration
Wands
 w - a wand of polymorph (8)
Scrolls
 e - 3 scrolls of teleportation {unknown}
 o - 2 scrolls of immolation
 r - a scroll of enchant weapon {unknown}
 z - a scroll of amnesia {unknown}
 A - a scroll of magic mapping {unknown}
 C - a scroll of enchant armour {unknown}
 H - a scroll of noise {unknown}
Potions
 i - a potion of curing
 k - a potion of flight
 m - a potion of heal wounds
 B - 2 potions of attraction
 F - a potion of lignification {unknown}


   Skills:
 + Level 2.7 Fighting
 + Level 2.7 Short Blades
 + Level 2.7 Long Blades
 + Level 2.7 Axes
 + Level 2.7 Maces & Flails
 + Level 2.7 Polearms
 + Level 2.7 Staves
 + Level 2.7 Slings
 + Level 2.7 Bows
 + Level 2.7 Crossbows
 + Level 2.7 Throwing
 + Level 2.7 Armour
 + Level 5.4 Dodging
 + Level 5.0 Stealth
 + Level 2.7 Shields
 + Level 2.7 Unarmed Combat
 + Level 5.7 Spellcasting
 + Level 3.1 Conjurations
 + Level 2.2 Hexes
 + Level 2.2 Summonings
 + Level 2.2 Necromancy
 + Level 2.2 Translocations
 + Level 2.2 Transmutations
 + Level 5.9 Fire Magic
 + Level 2.2 Ice Magic
 + Level 2.2 Air Magic
 + Level 2.2 Earth Magic
 + Level 2.2 Poison Magic
 + Level 3.0 Invocations
 + Level 2.7 Evocations


You had 10 spell levels left.
You knew the following spells:

 Your Spells              Type           Power      Damage    Failure   Level
a - Foxfire               Conj/Fire      80%        2x1d8     1%          1
b - Scorch                Fire           50%        2d7       1%          2
c - Flame Wave            Conj/Fire      20%        2d7       21%         4

Your spell library contained the following spells:

 Spells                   Type           Power      Damage    Failure   Level
 Conjure Flame            Conj/Fire      20%        6-21      6%          3
 Inner Flame              Hex/Fire       18%        N/A       8%          3


Dungeon Overview and Level Annotations

Branches:
Dungeon (6/15)
 Temple: D:4-7

Altars:
Ashenzari
Qazlal
Ru

Annotations:
D:5 Pikel


Innate Abilities, Weirdness & Mutations

You have very sharp teeth.
Your uncanny sense of smell can sniff out nearby items.
Your experience applies equally to all skills.


Message History

Pikel closely misses you.
The lemure is struck by lightning.
The lemure closely misses you.
Pikel hits you with a +0 whip of electrocution.
There is a stone staircase leading up here.
You block the lemure's attack. Pikel closely misses you.
You climb upwards.
There is a stone staircase leading down here.
Casting: Scorch (safe; 1% risk of failure)
Confirm with . or Enter, or press ? or * to list all spells.
The spell is quite dangerous to miscast (21% risk of failure)!
Continue anyway?
Casting: Flame Wave (quite dangerous; 21% risk of failure)
Press: ? - help, Dir - look around, f - activate A wave of flame ripples out!
The flame wave engulfs the lemure.
The lemure is almost dead.
The flame wave engulfs Pikel.
Pikel is lightly wounded. (Press . to intensify the flame waves.)
The lemure barely misses you.
Pikel hits you with a +0 whip of electrocution!
A wave of flame ripples out!
The flame wave engulfs the lemure.
You kill the lemure!
That felt strangely unrewarding.
The flame wave engulfs Pikel.
Pikel is moderately wounded.
You block Pikel's attack.
A wave of flame ripples out!
The flame wave engulfs Pikel!
Pikel is heavily wounded.
You finish channelling waves of flame.
Pikel hits you with a +0 whip of electrocution!
You are electrocuted!
* * * LOW HITPOINT WARNING * * *
Pikel misses you.
Casting: Flame Wave (quite dangerous; 21% risk of failure)
Confirm with . or Enter, or press ? or * to list all spells.
Flames lash Pikel.
Pikel is heavily wounded.
Pikel's fire resistance burns away.
Pikel hits you with a +0 whip of electrocution!
* * * LOW HITPOINT WARNING * * *
You are electrocuted!
You die...

#......[................
#.......................
#.......................
#.......................
##'####.##########.####.
###'##+#.######..........
#........##.........###..
#.......†##.........###..
#.......@................
#......#K................
#............##..........
#............##........#.
##.....................##
#.......................
#.......................
#.......................
#...........##..........


You could see Pikel (combustible).

Vanquished Creatures
  A water moccasin (D:5)
  An ogre (D:5)
  A necrophage (D:5)
  2 lemures
  A scorpion (D:2)
  A wyvern zombie (D:5)
  A wyvern skeleton (D:6)
  A bullfrog zombie (D:5)
  A jelly (D:5)
  2 hounds
  An orc priest (D:4)
  Robin (D:3)
  6 adders
  A gnoll (D:1)
  An adder skeleton (D:4)
  3 worms
  2 dart slugs
  12 orcs
  7 bats
  9 endoplasms
  4 giant cockroaches
  12 goblins
  7 hobgoblins
  8 jackals
  A quokka (D:2)
  11 ball pythons
  2 frilled lizards
  4 kobolds
  8 rats
  A foxfire (D:4)
113 creatures vanquished.

Vanquished Creatures (collateral kills)
  4 foxfires (D:3)
4 creatures vanquished.

Vanquished Creatures (others)
  165 foxfires
  4 plants (D:3)
169 creatures vanquished.

Grand Total: 286 creatures vanquished

Notes
Turn   | Place    | Note
-------+----------+-------------------------------------------
     0 | D:1      | croobank the Gnoll Fire Elementalist began the quest for
                  | the Orb.
     0 | D:1      | Reached XP level 1. HP: 13/13 MP: 6/6
   143 | D:1      | Reached XP level 2. HP: 14/19 MP: 3/7
   478 | D:1      | Found a faded altar of an unknown god.
   526 | D:1      | Prayed at the altar of an unknown god.
   526 | D:1      | Became a worshipper of Qazlal Stormbringer
   526 | D:1      | Reached * piety under Qazlal
   725 | D:1      | Learned a level 2 spell: Scorch
   762 | D:1      | Reached XP level 3. HP: 25/25 MP: 7/9
   917 | D:1      | Reached skill level 5 in Spellcasting
   938 | D:1      | Reached skill level 1 in Invocations
  1325 | D:2      | Reached skill level 1 in Fighting
  1325 | D:2      | Reached skill level 1 in Short Blades
  1325 | D:2      | Reached skill level 1 in Long Blades
  1325 | D:2      | Reached skill level 1 in Axes
  1325 | D:2      | Reached skill level 1 in Maces & Flails
  1325 | D:2      | Reached skill level 1 in Polearms
  1325 | D:2      | Reached skill level 1 in Staves
  1325 | D:2      | Reached skill level 1 in Slings
  1325 | D:2      | Reached skill level 1 in Bows
  1325 | D:2      | Reached skill level 1 in Crossbows
  1325 | D:2      | Reached skill level 1 in Throwing
  1325 | D:2      | Reached skill level 1 in Armour
  1325 | D:2      | Reached skill level 1 in Shields
  1325 | D:2      | Reached skill level 1 in Unarmed Combat
  1325 | D:2      | Reached skill level 1 in Evocations
  1396 | D:2      | Reached XP level 4. HP: 32/32 MP: 4/11
  1609 | D:2      | Reached ** piety under Qazlal
  1855 | D:2      | Reached skill level 1 in Hexes
  1855 | D:2      | Reached skill level 1 in Summonings
  1855 | D:2      | Reached skill level 1 in Necromancy
  1855 | D:2      | Reached skill level 1 in Translocations
  1855 | D:2      | Reached skill level 1 in Transmutations
  1855 | D:2      | Reached skill level 1 in Ice Magic
  1855 | D:2      | Reached skill level 1 in Air Magic
  1855 | D:2      | Reached skill level 1 in Earth Magic
  1855 | D:2      | Reached skill level 1 in Poison Magic
  1963 | D:2      | Found a sacrificial altar of Ru.
  2253 | D:2      | Noticed a scorpion
  2255 | D:2      | Killed a scorpion
  2256 | D:2      | Reached XP level 5. HP: 37/37 MP: 3/12
  2777 | D:3      | Noticed Robin
  2787 | D:3      | Killed Robin
  3197 | D:3      | Reached *** piety under Qazlal
  3228 | D:3      | Reached XP level 6. HP: 38/44 MP: 13/13
  3723 | D:4      | Reached skill level 5 in Dodging
  4131 | D:4      | Found a broken altar of Ashenzari.
  4399 | D:5      | Entered Level 5 of the Dungeon
  4480 | D:5      | Learned a level 4 spell: Flame Wave
  4572 | D:5      | Reached XP level 7. HP: 50/50 MP: 7/15
  5180 | D:6      | Noticed Pikel
  5186 | D:6      | Reached skill level 5 in Stealth
  5286 | D:5      | Slain by Pikel

Illustrated notes

Levels and vault maps discovered:
D:1:      dpeg_arrival_prison, layout_basic, basic_ecumenical_altar,
          minmay_misc_feat_diagonals, chequers_serial_rivers_small_a,
          interstate_on_off
D:2:      layout_loops_ring, basic_altar, minmay_pentomino_u4
D:3:      layout_loops_ring, amethyst_killhole, serial_bayou_ford_a,
          corexii_hall_statues_s, minmay_diced_spiral, uniq_robin
D:4:      layout_basic, mainiacjoe_overflow_alcove_4
D:5:      layout_basic
D:6:      layout_cave_pools, minmay_temple_entry_statues_fountains,
          minmay_misc_feat_rows, minmay_stone_trees_medium,
          amcnicky_mini_corridor_feature, uniq_pikel

Skill      XL: |  1  2  3  4  5  6  7 |
---------------+----------------------+-----
Conjurations   | 2 3 |  3.1
Spellcasting   | 5 |  5.7
Invocations    | 1 2 3 |  3.0
Fighting       | 1 2 |  2.7
Short Blades   | 1 2 |  2.7
Long Blades    | 1 2 |  2.7
Axes           | 1 2 |  2.7
Maces & Flails | 1 2 |  2.7
Polearms       | 1 2 |  2.7
Staves         | 1 2 |  2.7
Slings         | 1 2 |  2.7
Bows           | 1 2 |  2.7
Crossbows      | 1 2 |  2.7
Throwing       | 1 2 |  2.7
Armour         | 1 2 |  2.7
Shields        | 1 2 |  2.7
Unarmed Combat | 1 2 |  2.7
Evocations     | 1 2 |  2.7
Hexes          | 1 2 |  2.2
Summonings     | 1 2 |  2.2
Necromancy     | 1 2 |  2.2
Translocations | 1 2 |  2.2
Transmutations | 1 2 |  2.2
Ice Magic      | 1 2 |  2.2
Air Magic      | 1 2 |  2.2
Earth Magic    | 1 2 |  2.2
Poison Magic   | 1 2 |  2.2
Dodging        | 5 |  5.4
Stealth        | 5 |  5.0
Fire Magic     | |  5.9

Action                   |  1- 3 |  4- 6 |  7- 9 || total
-------------------------+-------+-------+-------++-------
Melee: Falchion          |    10 |    39 |       ||    49
       Bite              |     1 |     4 |       ||     5
 Cast: Foxfire           |    40 |    58 |     9 ||   107
       Scorch            |     6 |    44 |    13 ||    63
       Flame Wave        |       |       |     1 ||     1
Invok: Upheaval          |       |       |     1 ||     1
  Use: Scroll            |       |     5 |     1 ||     6
Armor: Robe              |     1 |       |     2 ||     3
Dodge: Dodged            |    11 |    29 |    11 ||    51
Block: Other             |       |     5 |     3 ||     8
